 Dungeon Crawl Stone Soup version 0.32-a0-931-g5a2cda0630 (webtiles) character file.

Game seed: 2275170139885163082

20 1Anon the Covered (level 2, -21/27 HPs)
             Began as a Minotaur Fighter on Apr 13, 2024.
             Demolished by an ogre
             ... wielding a +0 giant spiked club
              (24 damage)
             ... on level 4 of the Dungeon.
             The game lasted 00:02:04 (852 turns).

1Anon the Covered (Minotaur Fighter)                 Turns: 852, Time: 00:02:05

Health: -21/27     AC:  7    Str: 20    XL:     2   Next: 58%
Magic:  1/1        EV:  8    Int:  5    God:
Gold:   45         SH:  4    Dex: 11    Spells: 1/1 levels left

rFire   . . .        l - +1 dagger "Xopyth" {vamp, Dex+2}
rCold   . . .        c - +0 buckler
rNeg    . . .        b - +0 scale mail
rPois   .            (helmet restricted)
rElec   .            (no cloak)
rCorr   .            (no gloves)
SInv    .            (no boots)
Will    .....        (no amulet) Stlth
                     (no ring)
HPRegen 0.24/turn    (no ring)
MPRegen 0.07/turn

%: no passive effects
@: no status effects
A: horns 2, retaliatory headbutt
a: no special abilities


You were on level 4 of the Dungeon.
You visited 1 branch of the dungeon, and saw 4 of its levels.

You collected 45 gold pieces.

Inventory:

Hand Weapons
 a - a +0 war axe
 l - the +1 dagger "Xopyth" (weapon) {vamp, Dex+2}
   (You found it on level 4 of the Dungeon)

   Dex+2:     It affects your dexterity (+2).
Missiles
 f - 2 poisoned darts (quivered)
Armour
 b - a +0 scale mail (worn)
 c - a +0 buckler (worn)
Scrolls
 g - a scroll of immolation {unknown}
 i - 3 scrolls of blinking {unknown}
 k - a scroll of identify {unknown}
Potions
 d - a potion of might
 e - a potion of degeneration {unknown}
 h - a potion of invisibility {unknown}
 j - a potion of curing {unknown}


   Skills:
 + Level 3.9 Fighting
 + Level 2.9 Axes
 + Level 4.0 Armour
 + Level 3.9 Shields


You had one spell level left.
You didn't know any spells.
Your spell library was empty.

Dungeon Overview and Level Annotations

Branches:
Dungeon (4/15) Zot: 23134
 Temple: D:4-7

Altars:


Innate Abilities, Weirdness & Mutations

You have a pair of horns on your head.
You reflexively headbutt those who attack you in melee.


Message History

The ball python barely misses you. x2
A giant cockroach comes into view.
The ball python attacks as it pursues you!
The ball python bites you but does no damage.
The ball python completely misses you. The ball python barely misses you.
You furiously retaliate!
You headbutt the ball python. You block the ball python's attack.
The goblin attacks as it pursues you! The goblin misses you.
You hit the ogre but do no damage. The ball python misses you.
You block the ball python's attack.
The ogre hits you with a +0 giant spiked club!
You block the goblin's attack. The ball python barely misses you.
You furiously retaliate!
You headbutt the ball python!
You kill the ball python!
You take 10 damage, and have 17/27 hp.
You barely miss the ogre. Your headbutt misses the ogre.
The goblin barely misses you. The ogre barely misses you.
You barely miss the ogre. The giant cockroach closely misses you.
The goblin closely misses you.
You hit the ogre.
The ogre is lightly wounded.
The giant cockroach bites you but does no damage.
You block the ogre's attack. The goblin hits you but does no damage.
You barely miss the ogre.
The ogre is lightly wounded.
The giant cockroach barely misses you. The goblin hits you but does no damage.
The ogre hits you with a +0 giant spiked club!
Ouch! That really hurt!
* * * LOW HITPOINT WARNING * * *
The giant cockroach bites you but does no damage.
You take 17 damage, and have 1/27 hp.
You hit the ogre.
You feel better.
The ogre is lightly wounded.
You block the goblin's attack.
The giant cockroach bites you but does no damage.
You hit the ogre.
The ogre is lightly wounded.
The ogre hits you with a +0 giant spiked club!!
Ouch! That really hurt!
You die...

.# .# .### ...
..# #. .!# ##.
###B######
#..##g@O......
#.#............
#...>..........
.###.
#####..####....
..... #..# .##
... #..#####.#
... #........#
#.#
########.#######
#.# #........#


You could see an ogre, a giant cockroach and a goblin.

Vanquished Creatures
  3 ball pythons
  2 bats
  An endoplasm (D:1)
  2 goblins
  A hobgoblin (D:1)
  2 jackals (D:1)
  A quokka (D:2)
  5 kobolds
17 creatures vanquished.

Notes
Turn   | Place    | Note
-------+----------+-------------------------------------------
     0 | D:1      | 1Anon the Minotaur Fighter began the quest for the Orb.
     0 | D:1      | Reached XP level 1. HP: 19/19 MP: 0/0
   568 | D:1      | Reached XP level 2. HP: 25/27 MP: 1/1
   748 | D:3      | Reached skill level 4 in Armour
   827 | D:4      | Identified the +1 dagger "Xopyth" {vamp, Dex+2}
   841 | D:4      | Noticed an ogre
   850 | D:4      | HP: 1/27 [ogre/+0 giant spiked club (17)]
   852 | D:4      | Demolished by an ogre

Illustrated notes

Levels and vault maps discovered:
D:1:      lightli_arrival_farm, layout_loops_ring, basic_ecumenical_altar
D:2:      layout_rooms, solitary_fountain, minmay_misc_feat_five,
          chequers_serial_rivers_micro_e, hangedman_decor_lopped
D:3:      layout_loops_cross
D:4:      layout_loops_ring, tgw_trog, nicolae_ru_path_of_blood,
          minmay_temple_entry_enclosed_plants, minmay_misc_feat_four_crosses,
          uniq_pikel

Skill      XL: |  1  2 |
---------------+-------+-----
Armour         | 4 |  4.0
Fighting       | |  3.9
Axes           | |  2.9
Shields        | |  3.9

Action                     || total
---------------------------++-------
  Melee: War axe           ||    26
         Headbutt          ||     4
         Dagger            ||     7
 Armour: Scale mail        ||    47
  Dodge: Dodged            ||    23
  Block: Buckler           ||    12

Table legend: (Time is in decaauts)
 A = Elapsed time spent in this place.
 B = Non-inter-level travel time spent in this place.
 C = Inter-level travel time spent in this place.
 D = Time resting spent in this place.
 E = Time spent auto-exploring this place.
 F = Levels seen in this place.
 G = Mean time per level.
                   A        B        C        D        E       F      G
               +--------+--------+--------+--------+--------+-----+--------+
         Total |    864 |    832 |     32 |    328 |    169 |   4 |  216.0 |
       Dungeon |    864 |    832 |     32 |    328 |    169 |   4 |  216.0 |
               +--------+--------+--------+--------+--------+-----+--------+

Top non-repeatable levels by time:
     D:1: 657 daAuts
     D:2: 96 daAuts
     D:3: 72 daAuts
     D:4: 38 daAuts
